Map: King Sejong Station LE

Players

Fley - Winner!

  • Race: Zerg Zerg
  • League: Diamond

blackxored

  • Race: Zerg Zerg
  • League: Diamond

VOD

Have the link to the VOD?

Description

Time

  • Played on: June 19, 2016, 5:48 p.m.
  • Length: 3:44
Show
View Real Time Build Order
Export as new Build Order

Fley Zerg - Winner!

Build Orders: Hatch First 

Get SALT Encoding   

  12  0:01  Drone  
  13  0:12  Overlord  
  13  0:18  Drone  
  14  0:31  Drone x2  
  16  0:51  Hatchery  
  16  0:54  Drone  
  16  0:57  Extractor  
  16  0:59  Drone  
  16  1:15  Spawning Pool  
  15  1:23  Drone x2  
  17  1:27  Drone  
  18  1:35  Drone  
  19  1:49  Overlord  
  19  2:03  Metabolic Boost  
  19  2:04  Queen  
  21  2:11  Zergling x4  
  21  2:14  Zergling x2  
  24  2:19  Baneling Nest  
  24  2:20  Zergling x2  
  24  2:23  Zergling x2  
  24  2:29  Zergling x2  
  26  2:30  Zergling x2  
  27  2:38  Zergling x2  
  28  2:48  Zergling x4  
  30  2:55  Zergling x2  
  31  3:00  Zergling x2  
  31  3:01  Zergling x2  
  33  3:13  Baneling  
  33  3:14  Baneling x2  
  33  3:15  Zergling x2  
  33  3:16  Zergling x2  
Show
View Real Time Build Order
Export as new Build Order

blackxored Zerg 

Build Orders: Pool First 

Get SALT Encoding   

  12  0:02  Drone  
  13  0:09  Drone  
  14  0:19  Overlord  
  14  0:23  Extractor  
  14  0:24  Drone  
  15  0:42  Spawning Pool  
  14  0:44  Extractor, Drone  
  14  0:46  Drone  
  15  0:59  Drone x2  
  17  1:09  Drone  
  18  1:18  Overlord  
  18  1:29  Zergling x2  
  19  1:39  Zergling x2  
  20  1:44  Metabolic Boost, Queen  
  22  1:50  Zergling x2  
  23  2:00  Drone  
  24  2:17  Hatchery  
  24  2:20  Overlord  
  23  2:22  Queen  
  23  2:28  Zergling x2  
  26  2:36  Drone  
  25  2:47  Baneling Nest  
  24  2:52  Drone  
  25  3:00  Zergling x6  
  28  3:05  Zergling x2  
Tags
 
Add a new tag
Caveats
  • Supply blocks, unpowered buildings, or Contaminate may cause inaccurate times.
  • Supply counts are checked every 10 seconds.